 Dungeon Crawl Stone Soup version 0.23.2-1-ga50397a (webtiles) character file.

Game seed: 1971638452356617387

32 Keomo the Cutter (level 3, 0/27 HPs)
             Began as a Vampire Gladiator on Apr 22, 2019.
             Succumbed to an adder's poison
             ... on level 2 of the Dungeon.
             The game lasted 00:05:00 (959 turns).

Keomo the Cutter (Vampire Gladiator)                 Turns: 959, Time: 00:05:00

Health: 0/27       AC:  0    Str: 13    XL:     3   Next: 10%
Magic:  3/3        EV: 22    Int: 10    God:
Gold:   47         SH:  0    Dex: 21    Spells: 2/2 levels left

rFire    . . .     SeeInvis +   (weapon currently unavailable)
rCold    . . .     Gourm    .   (shield currently unavailable)
rNeg     + . .     Faith    .   (armour currently unavailable)
rPois    .         Spirit   .   (helmet currently unavailable)
rElec    .         Reflect  .   (cloak currently unavailable)
rCorr    .         Harm     .   (gloves currently unavailable)
MR       .....                  (boots currently unavailable)
Stlth    ++++......             (no amulet)
HPRegen  0.09/turn              (ring currently unavailable)
MPRegen  0.08/turn              (ring currently unavailable)

@: lethally poisoned (0 -> -3), bat-form, flying, very quick
A: tiny, fangs 3, see invisible
a: End Transformation


You were on level 2 of the Dungeon.
You were not thirsty.
You were in vampire-bat-form.
You visited 1 branch of the dungeon, and saw 2 of its levels.

You collected 47 gold pieces.

Inventory:

Hand Weapons
 a - a +0 rapier (melded)
Missiles
 d - 3 throwing nets (quivered)
Armour
 b - a +0 leather armour
 c - a +0 helmet (melded)
 g - a +0 ring mail
 i - a +0 helmet
 k - a +0 chain mail
 m - a +1 leather armour of fire resistance (melded)
Scrolls
 f - a scroll of fog {unknown}
 j - a scroll of remove curse {unknown}
 l - a scroll of teleportation {unknown}
Potions
 e - a potion of blood
 h - a potion of curing {unknown}
 n - a potion of lignification {unknown}


   Skills:
 + Level 2.0 Fighting
 + Level 4.2 Short Blades
 + Level 1.6 Throwing
 + Level 3.6 Dodging


You had 2 spell levels left.
You didn't know any spells.
Your spell library was empty.

Dungeon Overview and Level Annotations

Branches:
Dungeon (2/15)

Altars:


Innate Abilities, Weirdness & Mutations

You have razor-sharp teeth.
You have supernaturally acute eyesight. (SInv)
((You can survive without breathing.))


Message History

* * * LOW HITPOINT WARNING * * *
You hit the adder but do no damage.
The adder is severely wounded.
* * * LOW HITPOINT WARNING * * *
You feel sick. The adder completely misses you.
You barely miss the adder.
The adder is severely wounded.
The adder completely misses you. The dart slug completely misses you.
You miss the adder. You bite the adder.
You kill the adder!
The dart slug closely misses you.
* * * LOW HITPOINT WARNING * * *
You feel sick.
You see here an adder corpse.
Things that are here:
a +0 whip; a kobold corpse You see here an adder corpse.
You hit the dart slug but do no damage.
The dart slug is moderately wounded.
You die...

## #..
#...####################
#....<.........)bw.....#
#.........[.....######...
#...####.....##...# ####
#.......##.K.#
#....##.......#
###.########... #.# ##.
#.# ..#


You could see a dart slug.

Vanquished Creatures
  An adder (D:2)
  A dart slug (D:1)
  2 leopard geckos (D:1)
  A giant cockroach (D:1)
  3 goblins (D:1)
  3 hobgoblins (D:1)
  2 jackals (D:1)
  5 bats (D:1)
  3 frilled lizards (D:1)
  2 kobolds (D:1)
  2 rats (D:1)
25 creatures vanquished.

Vanquished Creatures (others)
  A kobold (D:2)
  4 toadstools (D:1)
5 creatures vanquished.

Grand Total: 30 creatures vanquished

Notes
Turn   | Place    | Note
-------+----------+-------------------------------------------
     0 | D:1      | Keomo the Vampire Gladiator began the quest for the Orb.
     0 | D:1      | Reached XP level 1. HP: 16/16 MP: 1/1
    32 | D:1      | Reached XP level 2. HP: 15/22 MP: 2/2
   529 | D:1      | Reached skill level 4 in Short Blades
   745 | D:1      | Reached XP level 3. HP: 27/27 MP: 3/3
   956 | D:2      | HP: 1/27 [poisoned by an adder]
   959 | D:2      | Succumbed to an adder's poison

Skill      XL: |  1  2 |
---------------+-------+-----
Fighting       | 2 |  2.0
Short Blades   | 4 |  4.2
Throwing       | |  1.6
Dodging        | |  3.6

Action                   || total
-------------------------++-------
Melee: Rapier            ||    70
       Bite              ||     8
       Unarmed           ||    18
 Abil: Bat Form          ||     1
Armor: Leather armour    ||    12
       Chain mail        ||    24
       Ring mail         ||     4
Dodge: Dodged            ||    68
